Selects Luftwaffe Battlegroup
Selects Luftwaffe Pioneer Support
Fallschirmpioneer Squad Paradrop
Construct Infanterie Kompanie
Selects Stuka Strafing Run
Fallschirmpioneer Squad Paradrop
Selects Fallschirmjäger Squad Paradrop
Construct Luftwaffe Kompanie
Fallschirmjäger Squad Paradrop
Selects Fragmentation Bombs
Selects LG40 Recoilless Gun Paradrop
Construct Panzer Kompanie
Marder III M Tank Destroyer
LG40 Recoilless Gun Paradrop